BSA
ST. LOUIS BROWNS @ PLYMOUTH ROCKS
07/20/2027
 
TOP OF THE 1ST
St. Louis Browns batting - Pitching for Plymouth Rocks : RHP José Martínez
Pitching: RHP José Martínez
Batting: LHB Joe Sanders 0-0: Foul Ball, location: 2F
0-1: Called Strike
0-2: Ball
1-2: Foul Ball, location: 2F
1-2: Ball
2-2: Ball
3-2: Ground out 3-1 (Groundball, 34S)
Batting: RHB Anthony Rucker 0-0: Foul Ball, location: 2F
0-1: Called Strike
0-2: Ground out 6-3 (Groundball, 6)
Batting: LHB Stan Hickman 0-0: Ball
1-0: Foul Ball, location: 2F
1-1: Ball
2-1: Ground out 5-3 (Groundball, 56S)
Top of the 1st over - 0 run(s), 0 hit(s), 0 error(s), 0 left on base; St. Louis 0 - Plymouth 0
BOTTOM OF THE 1ST
Plymouth Rocks batting - Pitching for St. Louis Browns : LHP Luis Noriega
Pitching: LHP Luis Noriega
Batting: RHB José García 0-0: Ball
1-0: Swinging Strike
1-1: Swinging Strike
1-2: Fly out, F9 (Flyball, 9S)
Batting: RHB António Gonzáles 0-0: Ball
1-0: SINGLE (Groundball, 6D)
Batting: SHB Derek Roach 0-0: Ball
1-0: Called Strike
1-1: Called Strike
1-2: Foul Ball, location: 2F
1-2: Foul Ball, location: 2F
1-2: Strikes out swinging
Batting: RHB Víctor Chávez 0-0: Called Strike
0-1: Swinging Strike
0-2: Ball
1-2: Fielders Choice at 2nd, 5-4 (Groundball, 56)
Bottom of the 1st over - 0 run(s), 1 hit(s), 0 error(s), 0 left on base; St. Louis 0 - Plymouth 0
TOP OF THE 2ND
St. Louis Browns batting - Pitching for Plymouth Rocks : RHP José Martínez
Batting: LHB Jorge Torres 0-0: SOLO HOME RUN (Flyball, 7D), Distance : 417 ft
Batting: LHB Robin Hill 0-0: Ball
1-0: Called Strike
1-1: Foul Ball, location: 2F
1-2: Ball
2-2: Ball
3-2: Ground out 6-3 (Groundball, 6)
Batting: RHB Mario Rosales 0-0: Ball
1-0: Ball
2-0: SINGLE (Groundball, 56D)
Batting: RHB R.J. Parker 0-0: Called Strike
0-1: Ball
1-1: Ball
2-1: Foul Ball, location: 2F
2-2: SINGLE (Groundball, 34D)
Mario Rosales to second
Mario Rosales to third
Batting: RHB José Flores 0-0: Ball
1-0: Ball
2-0: Ball
3-0: Called Strike
3-1: Fly out, F7 (Line Drive, 7)
Runner from 3rd tags up, SCORES, throw made
Batting: LHB Tommy Evans 0-0: Called Strike
0-1: Ball
1-1: Ball
2-1: Swinging Strike
2-2: Strikes out swinging
Top of the 2nd over - 2 run(s), 3 hit(s), 0 error(s), 1 left on base; St. Louis 2 - Plymouth 0
BOTTOM OF THE 2ND
Plymouth Rocks batting - Pitching for St. Louis Browns : LHP Luis Noriega
Batting: RHB Taylor McFarland 0-0: Ball
1-0: Called Strike
1-1: Foul Ball, location: 2F
1-2: Fly out, F8 (Flyball, 8RS)
Batting: SHB Víctor Serrano 0-0: Ball
1-0: Ground out 6-3 (Groundball, 6)
Batting: LHB Barrett Waters 0-0: Swinging Strike
0-1: Ball
1-1: Foul Ball, location: 2F
1-2: Strikes out swinging
Bottom of the 2nd over - 0 run(s), 0 hit(s), 0 error(s), 0 left on base; St. Louis 2 - Plymouth 0
TOP OF THE 3RD
St. Louis Browns batting - Pitching for Plymouth Rocks : RHP José Martínez
Batting: LHB Joe Sanders 0-0: Ball
1-0: Ground out 3-1 (Groundball, 34)
Batting: RHB Anthony Rucker 0-0: Ball
1-0: Ground out 6-3 (Groundball, 6)
Batting: LHB Stan Hickman 0-0: Called Strike
0-1: Foul Ball, location: 2F
0-2: Ball
1-2: Strikes out swinging
Top of the 3rd over - 0 run(s), 0 hit(s), 0 error(s), 0 left on base; St. Louis 2 - Plymouth 0
BOTTOM OF THE 3RD
Plymouth Rocks batting - Pitching for St. Louis Browns : LHP Luis Noriega
Batting: RHB Andrés Lara 0-0: Ball
1-0: Ball
2-0: Called Strike
2-1: SINGLE (Groundball, 56D)
Batting: RHB Luis Sánchez 0-0: Ball
1-0: Fly out, F9 (Flyball, 89D)
Batting: RHB José García 0-0: Ball
1-0: Foul Ball, location: 2F
1-1: Ball
2-1: Called Strike
Andrés Lara steals 2nd base
2-2: Ball
3-2: Foul Ball, location: 2F
3-2: DOUBLE (Line Drive, 78M)
Andrés Lara scores
Batting: RHB António Gonzáles 0-0: SINGLE (Groundball, 3D)
José García to third
Runner from 3rd tries for Home, SAFE, no throw
Batting: SHB Derek Roach 0-0: Called Strike
0-1: Ball
1-1: Foul Ball, location: 2F
1-2: Strikes out swinging
Batting: RHB Víctor Chávez 0-0: Ball
1-0: Ball
2-0: Fly out, F7 (Flyball, 7)
Bottom of the 3rd over - 2 run(s), 3 hit(s), 0 error(s), 1 left on base; St. Louis 2 - Plymouth 2
TOP OF THE 4TH
St. Louis Browns batting - Pitching for Plymouth Rocks : RHP José Martínez
Batting: LHB Jorge Torres 0-0: Called Strike
0-1: Ball
1-1: SOLO HOME RUN (Flyball, 9D), Distance : 394 ft
Batting: LHB Robin Hill 0-0: Ground out 6-3 (Groundball, 6)
Batting: RHB Mario Rosales 0-0: Ball
1-0: Foul Ball, location: 2F
1-1: Foul Ball, location: 2F
1-2: Foul Ball, location: 2F
1-2: Ball
2-2: Strikes out swinging, 2-3 out at first.
Batting: RHB R.J. Parker 0-0: Ball
1-0: Foul Ball, location: 2F
1-1: Ball
2-1: Ball
3-1: Foul Ball, location: 2F
3-2: Strikes out swinging
Top of the 4th over - 1 run(s), 1 hit(s), 0 error(s), 0 left on base; St. Louis 3 - Plymouth 2
BOTTOM OF THE 4TH
Plymouth Rocks batting - Pitching for St. Louis Browns : LHP Luis Noriega
Batting: RHB Taylor McFarland 0-0: Ground out 5-3 (Groundball, 56)
Batting: SHB Víctor Serrano 0-0: Ball
1-0: Called Strike
1-1: Ball
2-1: Fly out, F9 (Line Drive, 89D)
Batting: LHB Barrett Waters 0-0: Fly out, F8 (Line Drive, 78D)
Bottom of the 4th over - 0 run(s), 0 hit(s), 0 error(s), 0 left on base; St. Louis 3 - Plymouth 2
TOP OF THE 5TH
St. Louis Browns batting - Pitching for Plymouth Rocks : RHP José Martínez
Batting: RHB José Flores 0-0: Swinging Strike
0-1: Swinging Strike
0-2: Strikes out swinging
Batting: LHB Tommy Evans 0-0: Fly out, F4 (Line Drive, 4)
Batting: LHB Joe Sanders 0-0: Fly out, F7 (Flyball, 7S)
Top of the 5th over - 0 run(s), 0 hit(s), 0 error(s), 0 left on base; St. Louis 3 - Plymouth 2
BOTTOM OF THE 5TH
Plymouth Rocks batting - Pitching for St. Louis Browns : LHP Luis Noriega
Batting: RHB Andrés Lara 0-0: Called Strike
0-1: Ball
1-1: Ball
2-1: SINGLE (Line Drive, 56D)
Batting: RHB Luis Sánchez 0-0: Foul Ball, location: 2F
0-1: Called Strike
0-2: Hit by Pitch
Andrés Lara to second
Batting: RHB José García 0-0: Ball
1-0: Ball
2-0: Ball
3-0: Called Strike
3-1: Base on Balls
Andrés Lara to third
Luis Sánchez to second
Batting: RHB António Gonzáles 0-0: Ball
1-0: Foul Ball, location: 2F
1-1: Fly out, F7 (Flyball, 7)
Runner from 3rd tags up, SCORES, no throw
Batting: SHB Derek Roach 0-0: Ball
1-0: Grounds into double play, 6-4-3 (Groundball, 6)
Bottom of the 5th over - 1 run(s), 1 hit(s), 0 error(s), 1 left on base; St. Louis 3 - Plymouth 3
TOP OF THE 6TH
St. Louis Browns batting - Pitching for Plymouth Rocks : RHP José Martínez
Batting: RHB Anthony Rucker 0-0: Bunt missed!
0-1: Called Strike
0-2: Foul Ball, location: 2F
0-2: Ground out 4-3 (Groundball, 34)
Batting: LHB Stan Hickman 0-0: Ground out 4-3 (Groundball, 4)
Batting: LHB Jorge Torres 0-0: Ball
1-0: Ball
2-0: Ground out 4-3 (Groundball, 4M)
Top of the 6th over - 0 run(s), 0 hit(s), 0 error(s), 0 left on base; St. Louis 3 - Plymouth 3
BOTTOM OF THE 6TH
Plymouth Rocks batting - Pitching for St. Louis Browns : LHP Luis Noriega
Batting: RHB Víctor Chávez 0-0: Called Strike
0-1: Ball
1-1: Ground out 6-3 (Groundball, 56)
Batting: RHB Taylor McFarland 0-0: Ground out 5-3 (Groundball, 56S)
Batting: SHB Víctor Serrano 0-0: Called Strike
0-1: Ball
1-1: Called Strike
1-2: Foul Ball, location: 2F
1-2: SINGLE (Groundball, 56D)
Batting: LHB Barrett Waters 0-0: Called Strike
0-1: Foul Ball, location: 2F
0-2: SINGLE (Flyball, 7LS)
Víctor Serrano to second
Batting: RHB Andrés Lara 0-0: Ball
1-0: Ball
2-0: Called Strike
2-1: Ball
3-1: Foul Ball, location: 2F
3-2: Ground out 6-3 (Groundball, 6)
Bottom of the 6th over - 0 run(s), 2 hit(s), 0 error(s), 2 left on base; St. Louis 3 - Plymouth 3
TOP OF THE 7TH
St. Louis Browns batting - Pitching for Plymouth Rocks : RHP José Martínez
Batting: LHB Robin Hill 0-0: Ground out 4-3 (Groundball, 4)
Pinch Hitting: LHB Junior Coates 0-0: SINGLE (Groundball, 4D)
Batting: RHB R.J. Parker 0-0: Ground out 6-3 (Groundball, 6MS)
Junior Coates to second
Batting: RHB José Flores 0-0: Ball
1-0: Ball
2-0: Foul Ball, location: 2F
2-1: Called Strike
2-2: Fly out, F8 (Flyball, 89M)
Top of the 7th over - 0 run(s), 1 hit(s), 0 error(s), 1 left on base; St. Louis 3 - Plymouth 3
BOTTOM OF THE 7TH
Plymouth Rocks batting - Pitching for St. Louis Browns : LHP Luis Noriega
Pitching: RHP Ramón Silva
Now in RF: Junior Coates
Pinch Hitting: LHB Roger Moore 0-0: Fly out, F8 (Flyball, 8RD)
Pinch Hitting: LHB Sean Nicks 0-0: Foul Ball, location: 2F
0-1: Ball
1-1: Fly out, F8 (Flyball, 8RM)
Pinch Hitting: RHB Jorge Jiménez 0-0: Called Strike
0-1: Swinging Strike
0-2: Ball
1-2: Strikes out swinging
Bottom of the 7th over - 0 run(s), 0 hit(s), 0 error(s), 0 left on base; St. Louis 3 - Plymouth 3
TOP OF THE 8TH
St. Louis Browns batting - Pitching for Plymouth Rocks : RHP José Martínez
Now at 1B: Sean Nicks
Now at 3B: Jorge Jiménez
Now in LF: Roger Moore
Batting: LHB Tommy Evans 0-0: Foul Ball, location: 2F
0-1: Called Strike
0-2: Ball
1-2: Ball
2-2: Ground out 6-3 (Groundball, 6)
Batting: LHB Joe Sanders 0-0: Called Strike
0-1: Ground out 4-3 (Groundball, 4)
Batting: RHB Anthony Rucker 0-0: Called Strike
0-1: Swinging Strike
0-2: Strikes out swinging
Top of the 8th over - 0 run(s), 0 hit(s), 0 error(s), 0 left on base; St. Louis 3 - Plymouth 3
BOTTOM OF THE 8TH
Plymouth Rocks batting - Pitching for St. Louis Browns : RHP Ramón Silva
Batting: SHB Derek Roach 0-0: Ball
1-0: Called Strike
1-1: Ball
2-1: Fly out, F7 (Flyball, 78M)
Pinch Hitting: LHB Roy Patrick 0-0: Ball
1-0: Foul Ball, location: 2F
1-1: Ball
2-1: Ball
3-1: Foul Ball, location: 2F
3-2: Fly out, F7 (Flyball, 78M)
Batting: RHB Taylor McFarland 0-0: Called Strike
0-1: Ball
1-1: Ground out 6-3 (Groundball, 6)
Bottom of the 8th over - 0 run(s), 0 hit(s), 0 error(s), 0 left on base; St. Louis 3 - Plymouth 3
TOP OF THE 9TH
St. Louis Browns batting - Pitching for Plymouth Rocks : RHP José Martínez
Pitching: RHP Bartolo García
Now at 2B: Chad Huggins
Batting: LHB Stan Hickman 0-0: Called Strike
0-1: Ball
1-1: Foul Ball, location: 2F
1-2: Fly out, F8 (Flyball, 8LD)
Batting: LHB Jorge Torres 0-0: Ball
1-0: DOUBLE (Flyball, 78M)
Batting: LHB Robin Hill 0-0: Ball
1-0: Ball
2-0: Ground out 5-3 (Groundball, 56)
Batting: LHB Junior Coates 0-0: Ball
1-0: Ground out 1-3 (Groundball, P)
Top of the 9th over - 0 run(s), 1 hit(s), 0 error(s), 1 left on base; St. Louis 3 - Plymouth 3
BOTTOM OF THE 9TH
Plymouth Rocks batting - Pitching for St. Louis Browns : RHP Ramón Silva
Pitching: LHP Brent Miller
Batting: SHB Víctor Serrano 0-0: Ball
1-0: Foul Ball, location: 2F
1-1: Ball
2-1: Foul Ball, location: 2F
2-2: Ball
3-2: Ground out 1-3 (Groundball, 13)
Batting: LHB Barrett Waters 0-0: Ground out 4-3 (Groundball, 4M)
Batting: RHB Andrés Lara 0-0: Swinging Strike
0-1: Ball
1-1: Swinging Strike
1-2: Foul Ball, location: 2F
1-2: Foul Ball, location: 2F
1-2: Ground out 6-3 (Groundball, 56)
Bottom of the 9th over - 0 run(s), 0 hit(s), 0 error(s), 0 left on base; St. Louis 3 - Plymouth 3
TOP OF THE 10TH
St. Louis Browns batting - Pitching for Plymouth Rocks : RHP Bartolo García
Batting: RHB R.J. Parker 0-0: Called Strike
0-1: Called Strike
0-2: Fly out, F9 (Flyball, 9LS)
Batting: RHB José Flores 0-0: Ball
1-0: Foul Ball, location: 2F
1-1: Ground out 6-3 (Groundball, 56)
Batting: LHB Tommy Evans 0-0: Ground out 6-3 (Groundball, 6)
Top of the 10th over - 0 run(s), 0 hit(s), 0 error(s), 0 left on base; St. Louis 3 - Plymouth 3
BOTTOM OF THE 10TH
Plymouth Rocks batting - Pitching for St. Louis Browns : LHP Brent Miller
Batting: LHB Roger Moore 0-0: Ball
1-0: Foul Ball, location: 2F
1-1: Ground out U3 (Groundball, 3S)
Batting: LHB Sean Nicks 0-0: Foul Ball, location: 2F
0-1: Called Strike
0-2: Foul Ball, location: 2F
0-2: Ball
1-2: Ball
2-2: Foul Ball, location: 2F
2-2: Foul Ball, location: 2F
2-2: Foul Ball, location: 2F
2-2: Ground out 3-1 (Groundball, 34)
Batting: RHB Jorge Jiménez 0-0: Ball
1-0: Ball
2-0: Swinging Strike
2-1: Foul Ball, location: 2F
2-2: Strikes out looking
Bottom of the 10th over - 0 run(s), 0 hit(s), 0 error(s), 0 left on base; St. Louis 3 - Plymouth 3
TOP OF THE 11TH
St. Louis Browns batting - Pitching for Plymouth Rocks : RHP Bartolo García
Pitching: RHP Soichiro Ikeda
Batting: LHB Joe Sanders 0-0: Called Strike
0-1: Called Strike
0-2: Strikes out swinging
Batting: RHB Anthony Rucker 0-0: Foul Ball, location: 2F
0-1: Ground out 6-3 (Groundball, 6MD)
Batting: LHB Stan Hickman 0-0: Ball
1-0: Swinging Strike
1-1: SINGLE (Line Drive, 56)
Batting: LHB Jorge Torres 0-0: Ball
1-0: Fly out, F8 (Flyball, 8LS)
Top of the 11th over - 0 run(s), 1 hit(s), 0 error(s), 1 left on base; St. Louis 3 - Plymouth 3
BOTTOM OF THE 11TH
Plymouth Rocks batting - Pitching for St. Louis Browns : LHP Brent Miller
Pitching: RHP Beau Brown
Batting: SHB Derek Roach 0-0: Ball
1-0: Foul Ball, location: 2F
1-1: Ball
2-1: Called Strike
2-2: Ground out U3 (Groundball, 3)
Batting: RHB Chad Huggins 0-0: Ground out 5-3 (Groundball, 5)
Batting: RHB Taylor McFarland 0-0: Ball
1-0: Called Strike
1-1: Ball
2-1: Ball
3-1: Base on Balls
Batting: SHB Víctor Serrano 0-0: Foul Ball, location: 2F
0-1: Ball
1-1: Foul Ball, location: 2F
1-2: Fly out, F5 (Popup, 5D)
Bottom of the 11th over - 0 run(s), 0 hit(s), 0 error(s), 1 left on base; St. Louis 3 - Plymouth 3
TOP OF THE 12TH
St. Louis Browns batting - Pitching for Plymouth Rocks : RHP Soichiro Ikeda
Batting: LHB Robin Hill 0-0: Ball
1-0: Ground out U3 (Groundball, 34S)
Batting: LHB Junior Coates 0-0: Called Strike
0-1: Ball
1-1: Foul Ball, location: 2F
1-2: Ball
2-2: Ground out 3-1 (Groundball, 34)
Batting: RHB R.J. Parker 0-0: Ball
1-0: Foul Ball, location: 2F
1-1: Swinging Strike
1-2: Ball
2-2: Foul Ball, location: 2F
2-2: Foul Ball, location: 2F
2-2: Ball
3-2: Fly out, F9 (Flyball, 9S)
Top of the 12th over - 0 run(s), 0 hit(s), 0 error(s), 0 left on base; St. Louis 3 - Plymouth 3
BOTTOM OF THE 12TH
Plymouth Rocks batting - Pitching for St. Louis Browns : RHP Beau Brown
Batting: LHB Barrett Waters 0-0: Ball
1-0: Swinging Strike
1-1: Ball
2-1: Ball
3-1: TRIPLE (Flyball, 89XD)
Batting: RHB Andrés Lara 0-0: Ball
1-0: Called Strike
1-1: Ball
2-1: Foul Ball, location: 2F
2-2: Ball
3-2: SINGLE (Groundball, 34D)
Barrett Waters scores
Thursday, March 30th, 2017 - OOTP Baseball 17.12 Build 75